 Dungeon Crawl Stone Soup version 0.25.1-2-g60ff931df9 (webtiles) character file.

Game seed: 14149161576359613828

48093 Delamore the Fighter (level 14, -1/96 HPs)
             Began as a Gargoyle Fighter on Nov 5, 2020.
             Was the Champion of Okawaru.
             Killed by divine providence
             ... invoked by an orc high priest
              (15 damage)
             ... on level 2 of the Orcish Mines.
             The game lasted 00:24:57 (17423 turns).

Delamore the Fighter (Gargoyle Fighter)            Turns: 17423, Time: 00:24:57

Health: -1/96      AC: 28    Str: 28    XL:     14   Next: 44%
Magic:  14/14      EV: 11    Int:  5    God:    Okawaru [******]
Gold:   1517       SH: 14    Dex:  9    Spells: 13/13 levels left

rFire    . . .     SeeInvis .   B - +2 demon whip (pain)
rCold    . . .     Gourm    .   c - +0 kite shield
rNeg     + . .     Faith    .   M - +0 plate armour of Unreason {rCorr Str+3 Int-4 Slay+2}
rPois    ∞         Spirit   .   (no helmet)
rElec    +         Reflect  .   (no cloak)
rCorr    +         Harm     .   N - +0 pair of gloves
MR       +....                  P - +0 pair of boots
Stlth    ..........             g - amulet of regeneration
HPRegen  0.66/turn              E - +4 ring of protection
MPRegen  0.14/turn              S - +4 ring of evasion

@: lightly drained
A: big wings, negative energy resistance 1, electricity resistance, unbreathing,
petrification resistance, rot immunity, AC +10
a: Fly, Heroism, Finesse, Renounce Religion


You were on level 2 of the Orcish Mines.
You worshipped Okawaru.
Okawaru was exalted by your worship.
You were very hungry.

You visited 5 branches of the dungeon, and saw 20 of its levels.
You also visited: Ossuary.

You collected 1517 gold pieces.

Inventory:

Hand Weapons
 u - the +6 Majin-Bo {vamp, Archmagi MP+6 Int+6}
   (You found it on level 5 of the Dungeon)

   It inflicts no extra harm, but heals its wielder when it wounds a living foe.
   It affects your intelligence (+6).
   It affects your magic capacity (+6).
 B - a +2 demon whip of pain (weapon)
Missiles
 j - 79 poisoned darts (quivered)
 y - 2 boomerangs of dispersal
 A - a throwing net
Armour
 c - a +0 kite shield (worn)
 M - the +0 plate armour of Unreason (worn) {rCorr Str+3 Int-4 Slay+2}
   (Okawaru gifted it to you on level 2 of the Lair of Beasts)

   It affects your strength (+3).
   It affects your intelligence (-4).
   It affects your accuracy and damage with ranged weapons and melee attacks
   (+2).
   It provides partial protection from all sources of acid and corrosion.
 N - a +0 pair of gloves (worn)
 P - a +0 pair of boots (worn)
Jewellery
 b - an uncursed ring of ice
 g - an amulet of regeneration (around neck)
 D - an uncursed ring of resist corrosion
 E - a +4 ring of protection (left hand)
 S - a +4 ring of evasion (right hand)
Wands
 r - a wand of flame (29)
 s - a wand of polymorph (22)
 t - a wand of enslavement (7)
 w - a wand of paralysis (2)
Scrolls
 e - a scroll of fog
 i - 7 scrolls of remove curse
 k - 7 scrolls of teleportation
 l - 3 scrolls of magic mapping
 m - 6 scrolls of fear
 n - 4 scrolls of amnesia
 q - 6 scrolls of enchant armour
 v - 2 scrolls of random uselessness
 z - 5 scrolls of enchant weapon
 G - a scroll of torment
 L - 2 scrolls of summoning
 O - a scroll of identify
 Q - a scroll of immolation
 U - a scroll of noise
Potions
 a - a potion of berserk rage
 d - 2 potions of might
 h - 3 potions of heal wounds
 o - a potion of flight
 p - 4 potions of brilliance
 x - 3 potions of lignification
 C - 2 potions of haste
 F - a potion of cancellation
 H - 2 potions of stabbing
 I - 5 potions of degeneration
 R - 3 potions of curing
Miscellaneous
 J - a phantom mirror
 K - a lightning rod (4/4)
 T - a phial of floods
Comestibles
 f - 47 rations


   Skills:
 + Level 14.9(14.6) Fighting
 - Level 14.0(13.7) Maces & Flails
 - Level 5.0(4.7) Throwing
 - Level 3.2(3.0) Armour
 + Level 14.9(14.6) Shields


You had 13 spell levels left.
You didn't know any spells.
Your spell library contained the following spells:

 Spells                   Type           Power        Failure   Level  Hunger
 Infusion                 Chrm           #...         100%        1    ##.....
 Sandblast                Erth           #.....       100%        1    ##.....
 Summon Butterflies       Summ           #.......     100%        1    ##.....
 Passwall                 Tmut/Erth      #.......     100%        2    ###....
 Shroud of Golubria       Chrm/Tloc      #.....       100%        2    ###....
 Song of Slaying          Chrm           #.......     100%        2    ###....
 Call Canine Familiar     Summ           #.......     100%        3    ####...
 Confusing Touch          Hex            #.......     100%        3    ####...
 Gell's Gravitas          Tloc           #.........   100%        3    ####...
 Ozocubu's Armour         Chrm/Ice       #.......     100%        3    ####...
 Spectral Weapon          Hex/Chrm       #.......     100%        3    ####...
 Stone Arrow              Conj/Erth      #.....       100%        3    ####...
 Petrify                  Tmut/Erth      #.......     100%        4    #####..
 Summon Ice Beast         Ice/Summ       #.......     100%        4    #####..
 Lee's Rapid Deconstruct  Erth           #.........   100%        5    ######.
 Metabolic Englaciation   Hex/Ice        #.........   100%        5    ######.
 Summon Mana Viper        Hex/Summ       #.......     100%        5    ######.
 Yara's Violent Unravell  Hex/Tmut       #.........   100%        5    ######.
 Summon Hydra             Summ           #.........   100%        7    #######


Dungeon Overview and Level Annotations

Branches:
Dungeon (10/15)            Temple (1/1) D:7            Lair (6/6) D:9
 Shoals (0/4) Lair:2        Snake (1/4) Lair:4        Slime (0/5) Lair:6
    Orc (2/2) D:10            Elf (0/3) Orc:2       Ossuary (visited)

Altars:
Ashenzari
Cheibriados
Dithmenos
Elyvilon
Fedhas
Gozag
Hepliaklqana
Kikubaaqudgha
Makhleb
Nemelex Xobeh
Okawaru
Qazlal
Ru
Sif Muna
Trog
Uskayaw
Vehumet
Wu Jian
Xom
Yredelemnul
Zin
The Shining One

Shops:
Orc:1 }

Annotations:
Lair:6 exclusion: 2 oklob plants


Innate Abilities, Weirdness & Mutations

You are resistant to torment.
Your stone body is resilient. (AC +10)
You are immune to poison.
Your large and strong wings let you fly indefinitely.
You resist negative energy. (rN+)
You are resistant to electric shocks. (rElec)
You can survive without breathing.
You are immune to petrification.
You are immune to rotting.


Message History

The orc begs for mercy.
An orc comes into view. It is wielding a +0 flail.
An orc priest comes into view. It is wielding a +0 trident.
A warg comes into view.
An orc and an orc priest come into view.
The orc shouts!
The orc priest shouts!
You hear a shout!
The orc priest invokes the aid of Beogh against you.
Beogh smites you!
* * * LOW HITPOINT WARNING * * *
The orc priest howls in fear.
Okay, then.
The warg howls!
You hear a howl!
The orc sorcerer points at you and mumbles some strange words.
You resist with some effort.
An orc comes into view.
It is wielding a +0 hand axe of electrocution.
An orc comes into view. It is wielding a +0 club.
An orc comes into view. It is wielding a +0 dagger.
The orc high priest mumbles some strange prayers to Beogh against you.
Beogh smites you!
You die...

,** *** *...#>.......#... **
**,***#..#..#......... ,****
*,,,* #.....#.........
,**,*******##,**##..#...#........
,,,,,*,*#.*#..,*#................
,,*,*,,,...##o#*##.#.....g.......
,,,,,,,*.......##...#...oO.......
,,,,,,,,..............)oog.......
,,,,,,,,.o....o.@..4..ooOg.......
******,,###.###o#######oo######g.
*∩,,,*,,* #,* #o# #.o#,,,∩#..
*,,,,*,,***,**#o#*****#o.#,,,,#..
*,,,,*,,,,,,,,o.o,,,,,...#,,,,#..
***'**,,,,,,,,oo#**,*##.4#*'**#..
,,,,,,,,,⌠,,,o.h# *,* #ooo,,.....
#**'**,,,,,,,..o* *,* *.##*'###..
#,,,,*,,#**'***,***,***,*,,,,,#..


You could see an orc high priest, an orange demon (summoned), a warg, an orc
sorcerer, 4 orc priests and 9 orcs.

Vanquished Creatures
  Snorg (Lair:5)
  Fannar (Lair:2)
  3 hydras
  11 death yaks
  2 two-headed ogres
  An unseen horror (D:10)
  Pikel (D:6)
  An orc knight (Orc:1)
  A wolf spider (Lair:6)
  3 elephants (Lair:6)
  7 black mambas
  A guardian serpent (Lair:6)
  A torpor snail (Lair:6)
  20 spiny frogs
  Maggie (D:8)
  6 komodo dragons
  2 rime drakes
  A queen bee (Lair:5)
  A troll (D:10)
  2 hornets (Lair:6)
  A polar bear (Lair:5)
  Grinder (D:4)
  3 meliai (Lair:5)
  7 hippogriffs
  4 dream sheep (Lair:6)
  8 blink frogs
  3 redbacks (Lair:6)
  9 wyverns (Lair:6)
  Eustachio (D:6)
  A human (D:7)
  9 yaks
  2 basilisks
  4 hogs (D:7)
  2 steam dragons (Lair:4)
  5 wargs
  4 nagas (Lair:4)
  18 water moccasins
  A soldier ant (D:7)
  A floating eye (Lair:6)
  7 porcupines
  An ice beast (D:10)
  A phantom (D:9)
  A hornet zombie (D:8)
  16 orc warriors
  A black bear (D:8)
  6 ogres
  4 wolves (Lair:2)
  2 centaurs (D:8)
  3 sky beasts
  10 crocodiles
  9 bullfrogs
  2 gnoll sergeants (D:10)
  4 big kobolds
  6 scorpions
  26 killer bees
  2 electric eels
  A howler monkey (D:4)
  2 crimson imps
  A centaur zombie (D:8)
  A quasit (D:6)
  2 bullfrog zombies
  3 hounds
  13 orc priests
  8 jellies
  A centaur skeleton (D:9)
  A gnoll shaman (D:4)
  5 iguanas
  24 orc wizards
  9 worker ants
  2 hell rats (Lair:4)
  2 big kobold zombies (Ossuary)
  2 hound skeletons (D:4)
  2 mummies (Ossuary)
  18 gnolls
  A worker ant zombie (D:10)
  10 adders
  3 howler monkey skeletons
  9 river rats (Lair:4)
  3 shadow imps
  4 oozes
  2 adder zombies
  2 worms
  A dart slug (D:3)
  4 leopard geckos
  53 orcs
  6 giant cockroaches
  2 gnoll zombies (Ossuary)
  7 goblins
  4 hobgoblins
  9 jackals
  5 quokkas
  2 ball pythons
  5 bats
  3 frilled lizards
  A goblin zombie (Ossuary)
  5 hobgoblin zombies (Ossuary)
  20 kobolds
  A leopard gecko zombie (D:6)
  4 orc zombies (Ossuary)
  A quokka skeleton (D:6)
  9 rats
525 creatures vanquished.

Vanquished Creatures (collateral kills)
  A killer bee (Lair:5)
1 creature vanquished.

Vanquished Creatures (others)
  A black mamba (Lair:6)
  A yak (Lair:4)
  A centaur (D:6)
  A killer bee (Lair:5)
  9 fungi
  5 plants
18 creatures vanquished.

Grand Total: 544 creatures vanquished

Notes
Turn   | Place    | Note
-------+----------+-------------------------------------------
     0 | D:1      | Delamore the Gargoyle Fighter began the quest for the Orb.
     0 | D:1      | Reached XP level 1. HP: 14/14 MP: 1/1
   112 | D:1      | Reached XP level 2. HP: 19/19 MP: 2/2
   404 | D:1      | Reached XP level 3. HP: 24/24 MP: 3/3
  1027 | D:2      | Reached XP level 4. HP: 29/29 MP: 4/4
  1069 | D:2      | You fall into a shaft and drop 1 floor!
  1893 | D:3      | Reached skill level 1 in Throwing
  1946 | D:3      | Reached XP level 5. HP: 33/33 MP: 5/5
  2020 | D:3      | Found a snail-covered altar of Cheibriados.
  2630 | D:4      | Noticed an ogre
  2662 | D:3      | Killed an ogre
  2662 | D:3      | Reached XP level 6. HP: 23/40 MP: 6/6
  2748 | D:3      | Reached skill level 5 in Fighting
  2748 | D:3      | Reached skill level 5 in Shields
  2899 | D:4      | Reached XP level 7. HP: 27/44 MP: 7/7
  2971 | D:4      | Found a radiant altar of Vehumet.
  3445 | D:4      | Noticed Grinder
  3459 | D:4      | Killed Grinder
  3459 | D:4      | Reached skill level 5 in Maces & Flails
  3919 | D:5      | Entered Level 5 of the Dungeon
  3951 | D:5      | Reached XP level 8. HP: 49/49 MP: 8/8
  4044 | D:5      | Found the +6 Majin-Bo {vamp, Archmagi MP+6 Int+6}
  4638 | D:6      | Found a stormy altar of Qazlal.
  4638 | D:6      | Found a shattered altar of Ashenzari.
  4638 | D:6      | Found a white marble altar of Elyvilon.
  4639 | D:6      | Found a blossoming altar of Fedhas.
  4809 | D:6      | Noticed Eustachio
  4846 | D:6      | Killed Eustachio
  4846 | D:6      | Reached skill level 5 in Throwing
  4947 | D:6      | Noticed Pikel
  4975 | D:6      | Killed Pikel
  4975 | D:6      | Reached XP level 9. HP: 33/54 MP: 9/9
  5104 | D:6      | Found a shadowy altar of Dithmenos.
  5500 | D:6      | Found a basalt altar of Yredelemnul.
  5838 | D:7      | Found a sand-covered staircase.
  5851 | Ossuary  | Entered an ossuary
  6238 | D:7      | Reached skill level 10 in Maces & Flails
  6277 | D:7      | Found a staircase to the Ecumenical Temple.
  6284 | Temple   | Entered the Ecumenical Temple
  6328 | Temple   | Became a worshipper of Warmaster Okawaru
  6590 | D:7      | Got a bloodstained leather armour
  6601 | D:7      | Identified the +3 leather armour of Ystrel {-Cast MR+
                  | Str+4} (You found it on level 7 of the Dungeon)
  6866 | D:7      | Found a shimmering blue altar of Sif Muna.
  7026 | D:7      | Reached * piety under Okawaru
  7043 | D:7      | Reached XP level 10. HP: 27/59 MP: 10/10
  7586 | D:7      | Reached ** piety under Okawaru
  7790 | D:8      | Found a sparkling altar of Nemelex Xobeh.
  7791 | D:8      | Found a shadowy altar of Dithmenos.
  8645 | D:9      | Reached *** piety under Okawaru
  8734 | D:9      | Noticed Maggie
  8909 | D:8      | Paralysed by Maggie for 7 turns
  8932 | D:8      | Killed Maggie
  9076 | D:9      | Found a staircase to the Lair.
  9108 | D:9      | Reached XP level 11. HP: 63/63 MP: 11/11
  9152 | D:9      | Found an ancient bone altar of Kikubaaqudgha.
  9389 | Lair:1   | Entered Level 1 of the Lair of Beasts
  9446 | Lair:1   | Noticed a death yak
  9446 | Lair:1   | Noticed a death yak
  9446 | Lair:1   | Noticed a death yak
  9446 | Lair:1   | Noticed a death yak
  9449 | Lair:1   | Noticed a death yak
  9450 | Lair:1   | Noticed a death yak
  9466 | Lair:1   | Killed a death yak
  9466 | Lair:1   | Reached **** piety under Okawaru
  9565 | D:9      | Killed a death yak
  9573 | D:9      | Killed a death yak
  9682 | D:9      | Killed a death yak
  9694 | D:9      | Killed a death yak
  9694 | D:9      | Reached ***** piety under Okawaru
  9694 | D:9      | Received a gift from Okawaru
  9967 | Lair:1   | Noticed a four-headed hydra
  9982 | Lair:1   | Killed a four-headed hydra
  9982 | Lair:1   | Received a gift from Okawaru
 10165 | Lair:1   | Killed a death yak
 10461 | Lair:2   | Received a gift from Okawaru
 10464 | Lair:2   | Got a pitted plate armour {god gift}
 10475 | Lair:2   | Identified the +0 plate armour of Unreason {rCorr Str+3
                  | Int-4 Slay+2} (Okawaru gifted it to you on level 2 of the
                  | Lair of Beasts)
 10538 | Lair:2   | Found a staircase to the Shoals.
 10584 | Lair:2   | Reached XP level 12. HP: 76/76 MP: 12/12
 11526 | Lair:3   | Noticed Fannar
 11555 | Lair:2   | Reached skill level 10 in Fighting
 11555 | Lair:2   | Reached skill level 10 in Shields
 11651 | Lair:2   | Killed Fannar
 12732 | Lair:4   | Found a staircase to the Snake Pit.
 12964 | Lair:4   | Noticed a six-headed hydra
 12975 | Lair:4   | Killed a six-headed hydra
 13031 | Lair:4   | Received a gift from Okawaru
 13360 | Snake:1  | Entered Level 1 of the Snake Pit
 13443 | Lair:5   | Reached XP level 13. HP: 73/85 MP: 13/13
 14295 | Lair:5   | Noticed Snorg
 14317 | Lair:5   | Killed Snorg
 14729 | Lair:6   | Entered Level 6 of the Lair of Beasts
 14990 | Lair:6   | Received a gift from Okawaru
 15420 | Lair:6   | Gained mutation: Your large and strong wings let you fly
                  | indefinitely. [Gargoyle growth]
 15420 | Lair:6   | Reached XP level 14. HP: 91/96 MP: 14/14
 15440 | Lair:6   | Reached ****** piety under Okawaru
 15440 | Lair:6   | Received a gift from Okawaru
 15722 | Lair:6   | Found a staircase to the Slime Pits.
 16057 | Lair:6   | Got a pair of ichor-stained gloves
 16068 | Lair:6   | Identified the +1 pair of gloves of Feasting {*Drain MR-
                  | Regen+ Dex+8} (You found it on level 6 of the Lair of
                  | Beasts)
 16330 | D:10     | Entered Level 10 of the Dungeon
 16358 | D:10     | Found a shadowy altar of Dithmenos.
 16646 | D:10     | Received a gift from Okawaru
 16688 | D:10     | Found a staircase to the Orcish Mines.
 16969 | Orc:1    | Entered Level 1 of the Orcish Mines
 16969 | Orc:1    | Found Livas's Gadget Emporium.
 17068 | Orc:1    | You fall into a shaft and drop 1 floor!
 17068 | Orc:2    | Entered Level 2 of the Orcish Mines
 17408 | Orc:2    | Found a staircase to the Elven Halls.
 17423 | Orc:2    | Killed from afar by an orc high priest

Illustrated notes

Levels and vault maps discovered:
D:1:      dpeg_arrival_orchard, layout_basic
D:2:      layout_basic, first_ration, serial_forest,
          infiniplex_forest_clump_long, infiniplex_forest_lined_2,
          infiniplex_forest_clump_double, infiniplex_forest_side_room,
          infiniplex_forest_end_1
D:3:      layout_basic, kennysheep_slug_shrine
D:4:      layout_layer_cave, vehumet_altar_wand_db, hangedman_decor_lopped,
          minmay_misc_feat_nine_boxes, minmay_close_crescents, uniq_grinder
D:5:      layout_gridville
D:6:      layout_basic, chequers_temple_overflow_statue_of_worship,
          hangedman_feature_mirror, uniq_eustachio, uniq_pikel
D:7:      kennysheep_orc_sif_temple, layout_basic, temple_green,
          nicolae_ossuary_entry_ruins, grunt_livestock
D:8:      layout_layer_cave, gammafunk_temple_overflow_pools
D:9:      layout_gridville, nicolae_overflow_hidden_temple,
          erik_lair_orcish_takeover, chequers_serial_rivers_micro_b, uniq_maggie
D:10:     layout_basic, kennysheep_orc_monster_closet_entryway, basic_altar
Temple:   cyrus_circular_temple
Lair:1:   layout_roguey
Lair:2:   layout_cave_pods, elwin_shoals_entry_rooms,
          chequers_serial_rivers_small_3, beast_lair_carwin_4
Lair:3:   layout_chaotic_city, grunt_megastairs_3, lemuel_fruit_fields,
          lemuel_fruit_tree, uniq_fannar
Lair:4:   layout_loops_ring, minmay_snake_entry_guardpost_small,
          chequers_serial_rivers_large_a, kennysheep_rathole, grunt_megastairs_2
Lair:5:   layout_roguey [special_room_bee], serial_bayou_shore_a, uniq_snorg
Lair:6:   hangedman_lair_tendril_chambers, layout_gridlike,
          nicolae_slime_entry_slimehenge, chequers_serial_rivers_micro_a,
          disabler_island
Snake:1:  layout_basic, serial_bayou_shore_b
Orc:1:    minmay_goldmine, layout_caves, enter_volcano_2, serial_shops, shop
Orc:2:    st_orc_town, layout_caves

Skill      XL: |  1  2  3  4  5  6  7  8  9 10 11 12 13 |
---------------+----------------------------------------+-----
Fighting       | 4 5 9 11 14 | 14.9
Shields        | 4 5 9 11 14 | 14.9
Maces & Flails | 3 4 5 8 11 14 | 14.0
Throwing       | 1 2 4 5 |  5.0
Armour         | |  3.2

Action                   |  1- 3 |  4- 6 |  7- 9 | 10-12 | 13-15 || total
-------------------------+-------+-------+-------+-------+-------++-------
Melee: Flail             |   107 |   154 |   264 |       |       ||   525
       Unarmed           |       |       |    16 |       |       ||    16
       Whip              |       |       |   353 |   508 |       ||   861
       Demon whip        |       |       |       |   482 |   810 ||  1292
Throw: Dart              |       |     1 |    19 |    27 |       ||    47
Invok: Heroism           |       |       |       |     1 |     1 ||     2
Evoke: Wand              |       |       |       |    16 |     2 ||    18
  Use: Scroll            |       |       |    12 |    10 |     8 ||    30
       Potion            |       |       |       |     4 |       ||     4
  Eat: Chunk             |     1 |     6 |    14 |    21 |    12 ||    54
Armor: Scale mail        |    60 |    80 |   287 |       |       ||   427
       Skin              |       |       |     5 |    10 |       ||    15
       Leather armour    |       |       |    29 |   238 |       ||   267
       Plate armour      |       |       |       |   130 |   307 ||   437
Dodge: Dodged            |    38 |    53 |   171 |   222 |   149 ||   633
Block: Kite shield       |    57 |    87 |   297 |   458 |   473 ||  1372
